 Dungeon Crawl Stone Soup version 0.30-a0-840-ga523dec638 (webtiles) character file.

Game seed: 18195072969588730328

98270 cheesebisquit the Bludgeoner (level 16, 0/144 HPs)
             Began as a Hill Orc Fighter on Mar 1, 2023.
             Was the Champion of Beogh.
             Slain by a culicivora (16 damage)
             ... on level 1 of the Spider Nest on Mar 2, 2023.
             The game lasted 01:41:04 (22197 turns).

cheesebisquit the Bludgeoner (Hill Orc Fighter)    Turns: 22197, Time: 01:41:04

Health: 0/144      AC: 42    Str: 32 (33) XL:     16   Next: 21%
Magic:  16/16      EV:  6    Int: 11      God:    Beogh [******]
Gold:   2899       SH:  0    Dex:  6 (10) Spells: 15/15 levels left

rFire   . . .      SeeInvis +    L - +10 dark maul {heavy}
rCold   . . .      Faith    .    (shield currently unavailable)
rNeg    . . .      Spirit   .    f - +8 orange crystal plate armour {Archmagi, Int+3 Clar}
rPois   .          Reflect  .    t - +2 hat
rElec   .          Harm     .    H - +2 cloak
rCorr   .          Rampage  .    b - +2 pair of gloves
Will    ++...      Archmagi +    F - +2 pair of boots Stlth Clarity +
                                 o - amulet of regeneration
HPRegen 1.24/turn                l - +6 ring of strength
MPRegen 0.15/turn                X - ring of see invisible

@: invisible
A: walk on water, hooves 1, horns 1, strong-willed 1
a: Renounce Religion, Smiting, Recall Orcish Followers, Give Item to Named
Follower, Resurrection


You were on level 1 of the Spider Nest.
You worshipped Beogh.
Beogh was exalted by your worship.
You visited 4 branches of the dungeon, and saw 23 of its levels.
You also visited: Bailey and Gauntlet.

You collected 2899 gold pieces.

Inventory:

Hand Weapons
 v - the +6 war axe "Larr" {drain, Str+3 Int+3}
   (You found it on level 14 of the Dungeon)

   Str:       It affects your strength (+3).
   Int:       It affects your intelligence (+3).
 L - the +10 dark maul (weapon) {heavy}
   (You found it on level 1 of the Lair of Beasts)
 V - a +1 broad axe of venom
Missiles
 q - 7 silver javelins
 C - 2 boomerangs of dispersal
 D - 30 poisoned darts (quivered)
 N - a throwing net
Armour
 a - the +6 tower shield "Pusegh" {rPois Int+6}
   (You acquired it on level 2 of the Lair of Beasts)

   Int:       It affects your intelligence (+6).
   rPois:     It protects you from poison.
 b - a +2 pair of gloves (worn)
 f - the +8 orange crystal plate armour (worn) {Archmagi, Int+3 Clar}
   (You found it in a bailey)

   Int:       It affects your intelligence (+3).
   Clar:      It protects you against confusion.
 i - the -2 kite shield of Izeiwk {Contam Str+8 Int+5}
   (You found it in a bailey)

   Str:       It affects your strength (+8).
   Int:       It affects your intelligence (+5).
   Contam:    It causes magical contamination when unequipped.
 t - a +2 hat (worn)
 F - a +2 pair of boots (worn)
 H - a +2 cloak (worn)
Jewellery
 l - a +6 ring of strength (left hand)
 o - an amulet of regeneration (around neck)
 R - the ring "Joha" {Fly rC+ AC+4}
   (You acquired it on level 2 of the Lair of Beasts)

   [ring of protection]

   AC:        It affects your AC (+4).
   rC:        It protects you from cold.
   Fly:       It grants you flight.
 X - a ring of see invisible (right hand)
Wands
 p - a wand of flame (111)
 G - a wand of quicksilver (6)
 J - a wand of iceblast (10)
 K - a wand of polymorph (11)
 P - a wand of digging (12)
 T - a wand of paralysis (13)
 Z - a wand of mindburst (7)
Scrolls
 e - 2 scrolls of amnesia
 g - 6 scrolls of butterflies
 h - a scroll of enchant armour
 j - 4 scrolls of fog
 m - 3 scrolls of poison
 n - 9 scrolls of teleportation
 w - a scroll of silence
 y - a scroll of magic mapping
 E - 2 scrolls of torment
 O - a scroll of vulnerability
 W - a scroll of fear
 Y - 2 scrolls of immolation
Potions
 c - 3 potions of invisibility
 d - 3 potions of might
 k - 4 potions of lignification
 r - 2 potions of mutation
 s - 2 potions of berserk rage
 u - a potion of magic
 x - 6 potions of curing
 z - 2 potions of ambrosia
 A - a potion of cancellation
 B - a potion of resistance
 I - 2 potions of haste
 Q - 4 potions of attraction
 U - 3 potions of flight
Miscellaneous
 S - a condenser vane


   Skills:
 + Level 13.4 Fighting
 - Level 16.0(21.4) Axes
 * Level 19.8(21.3) Maces & Flails
 + Level 12.3 Armour
 - Level 12.0 Shields


You had 15 spell levels left.
You didn't know any spells.
Your spell library contained the following spells:

 Spells                   Type           Power      Damage    Failure   Level
 Apportation              Tloc           0%         N/A       99%         1
 Beastly Appendage        Tmut           0%         N/A       99%         1
 Freeze                   Ice            0%         1d3       99%         1
 Magic Dart               Conj           0%         1d3       99%         1
 Necrotise                Necr           0%         1d4       99%         1
 Summon Small Mammal      Summ           0%         N/A       99%         1
 Call Imp                 Summ           0%         N/A       100%        2
 Cigotuvi's Dreadful Rot  Necr/Pois/Air  0%         N/A       100%        2
 Ensorcelled Hibernation  Hex/Ice        0%         N/A       100%        2
 Passwall                 Tmut/Erth      0%         N/A       100%        2
 Poisonous Vapours        Pois/Air       0%         N/A       100%        2
 Searing Ray              Conj           0%         2d4       100%        2
 Wereblood                Tmut           0%         N/A       100%        2
 Frozen Ramparts          Ice            0%         1d1       100%        3
 Hailstorm                Conj/Ice       0%         3d3       100%        3
 Ignite Poison            Fire/Tmut/Pois 0%         N/A       100%        3
 Kindle Blastsparks       Fire/Tloc/Air  0%         2d10      100%        3
 Mephitic Cloud           Conj/Pois/Air  0%         N/A       100%        3
 Ozocubu's Armour         Ice            0%         N/A       100%        3
 Spider Form              Tmut/Pois      0%         N/A       100%        3
 Swiftness                Air            0%         N/A       100%        3
 Vampiric Draining        Necr           0%         2d6       100%        3
 Fulminant Prism          Conj/Hex       0%         3d5       100%        4
 Ice Form                 Ice/Tmut       0%         N/A       100%        4
 Summon Ice Beast         Ice/Summ       0%         N/A       100%        4
 Agony                    Necr           0%         N/A       100%        5
 Freezing Cloud           Conj/Ice/Air   0%         6-21      100%        5
 Summon Mana Viper        Hex/Summ       0%         N/A       100%        5
 Simulacrum               Ice/Necr       0%         N/A       100%        6
 Monstrous Menagerie      Summ           0%         N/A       100%        7
 Ozocubu's Refrigeration  Ice            0%         4d7       100%        7


Dungeon Overview and Level Annotations

Branches:
Dungeon (15/15)            Temple (0/1) D:5            Lair (5/5) D:11
 Shoals (0/4) Lair:3       Spider (1/4) Lair:3        Slime (0/5) Lair:4
    Orc (2/2) D:12            Elf (0/3) Orc:2        Vaults (0/5) D:14
 Depths (0/4) D:15         Bailey (visited)         Gauntlet (visited)

Altars:
Qazlal
Sif Muna
Trog
Beogh
Jiyva

Shops:
Orc:1 (   Orc:2 *(=[

Annotations:
Lair:5 2 transporters, ytrimaz's ghost, journeyman FoFi


Innate Abilities, Weirdness & Mutations

You can walk on water.
You have large cloven feet.
You have a pair of small horns on your head.
You are strong-willed. (Will+)


Message History

The wolf spider simulacrum bites your orc knight.
The wolf spider simulacrum freezes your orc knight!!
The redback simulacrum bites you but does no damage.
You sock the redback simulacrum!
The redback simulacrum is severely damaged.
The culicivora bites your orc knight.
The culicivora draws strength from your orc knight's injuries!
A culicivora comes into view.
The wolf spider simulacrum hits your orc knight.
The wolf spider simulacrum freezes your orc knight!!
Your orc knight dies!
The redback simulacrum bites you but does no damage.
The wolf spider simulacrum hits you!
The wolf spider simulacrum freezes you!!
* * * LOW HITPOINT WARNING * * *
The wolf spider simulacrum completely misses you.
The culicivora bites you but does no damage.
The redback simulacrum bites you but does no damage.
The redback simulacrum is healed somewhat.
You feel better.
The redback simulacrum is healed somewhat.
The wolf spider simulacrum hits you but does no damage.
The wolf spider simulacrum bites you but does no damage.
The redback simulacrum bites you!
* * * LOW HITPOINT WARNING * * *
The redback simulacrum freezes you!!
* * * LOW HITPOINT WARNING * * *
The culicivora bites you but does no damage.
The wolf spider simulacrum barely misses you.
The wolf spider simulacrum bites you but does no damage.
The redback simulacrum attacks as you move away!
The redback simulacrum closely misses you.
Okay, then.
You fade into invisibility!
The culicivora barely misses you.
The wolf spider simulacrum is healed somewhat.
The redback simulacrum's wounds heal themselves!
The wolf spider simulacrum is healed somewhat.
You feel better. The culicivora bites you!
You die...

#####. #...oo ##.#### #..#
#.##### # #..##.. #. ##
##############...†..
#..#.##.#..#.....#...#.#..
##......ss@.........†.####.
#....).ZZ##........#..# #.
.......##.##....##.##††####.
....##. #....##.##...(......
##. #.......##.............
..............†..?..###?##
....................# ####
.#.##.^.#.#.#..#.#.## ^.#
################


You could see 2 culicivoras, a wolf spider simulacrum (unable to see you) and a
redback simulacrum (unable to see you).

Vanquished Creatures
  The ghost of lotum the Brawler, a journeyman TrGl of Xom (Orc:2)
  An emperor scorpion (Spider:1)
  A ghost moth (Spider:1)
  Louise (D:14)
  The ghost of Dittersdorf the Blocker, a journeyman GrFi of Okawaru (D:12)
  A reaper (Gauntlet)
  A dire elephant (Lair:5)
  A minotaur (Gauntlet)
  2 ettins
  Snorg (D:14)
  Fannar (Lair:3)
  A vault guard (D:14)
  5 hydras
  3 ogre magi (Orc:2)
  A catoblepas (Lair:5)
  5 centaur warriors
  2 boulder beetles
  A death scarab (Gauntlet)
  20 two-headed ogres
  A death knight (D:11)
  A tengu warrior (D:15)
  2 death yaks (Lair:5)
  A deep troll shaman (Lair:5)
  Sonja (D:12)
  2 skysharks
  A deep elf knight (D:15)
  A pharaoh ant (Spider:1)
  2 deep trolls
  3 skeletal warriors (D:15)
  Lodul (D:13)
  A deep elf archer (D:15)
  2 orc knights (Bailey)
  2 wizards (D:15)
  A harpy (Lair:3)
  2 oklob plants
  7 ugly things
  4 wolf spiders
  2 manticores
  9 cyclopes
  13 elephants
  2 cane toads
  A black mamba (Lair:2)
  2 gargoyles (D:12)
  2 unseen horrors
  3 torpor snails
  A kobold demonologist (D:12)
  A rime drake (Lair:2)
  10 komodo dragons
  An efreet (D:15)
  3 tengu conjurers (D:14)
  A freezing wraith (D:15)
  5 trolls
  A harpy zombie (D:12)
  Grinder (D:6)
  A wolf spider simulacrum (D:12)
  A polar bear (Lair:5)
  6 tarantellas (Spider:1)
  3 hornets
  9 blink frogs
  3 jumping spiders
  2 dream sheep (Lair:5)
  6 slime creatures
  2 shadows
  A centaur simulacrum (D:12)
  18 yaks
  A wyvern (Lair:2)
  A basilisk (D:13)
  A spectral fire crab (Gauntlet)
  A steam dragon (D:7)
  3 vampire mosquitoes (D:10)
  3 redbacks (Spider:1)
  2 swamp worms (Gauntlet)
  A warg (Orc:2)
  5 water moccasins
  6 acid dragons
  A black bear (D:7)
  2 sky beasts (D:7)
  5 orc warriors
  2 ice beasts (D:7)
  6 boggarts
  15 ogres
  10 centaurs
  6 wolves
  A phantom (D:6)
  4 kobold brigands
  A gnoll sergeant (D:8)
  8 bullfrogs
  Blork the orc (D:5)
  4 scorpions
  4 necrophages
  9 wights
  5 killer bees (D:9)
  5 howler monkeys
  7 hounds
  4 orc priests
  An iguana (D:6)
  Terence (D:3)
  A hell rat (Lair:5)
  5 orc wizards
  5 adders
  9 gnolls
  2 shadow imps
  A worm (D:4)
  2 dart slugs
  30 orcs
  5 ball pythons
  2 endoplasms
  5 giant cockroaches
  12 goblins
  5 hobgoblins
  4 jackals (D:1)
  4 quokkas
  A training dummy (Orc:1)
  4 bats
  4 frilled lizards
  20 kobolds
  2 rats
444 creatures vanquished.

Vanquished Creatures (collateral kills)
  A hydra (Lair:5)
  An ogre mage (Orc:2)
  7 two-headed ogres (Orc:2)
  A boulder beetle (D:12)
  2 death yaks (Lair:5)
  A hell knight (D:15)
  A deep elf knight (D:15)
  2 harpies (Lair:3)
  A wolf spider zombie (D:12)
  A deep elf archer (D:15)
  2 wolf spiders
  An oklob plant (Lair:4)
  4 deep elf pyromancers
  3 ugly things
  A cyclops (D:14)
  A spectral centaur (D:12)
  5 elephants
  A centaur zombie (D:12)
  2 black mambas
  A demonic crawler (Spider:1)
  3 cane toads (Lair:1)
  2 rime drakes
  5 yaktaurs (D:15)
  3 komodo dragons
  A tengu conjurer (D:14)
  3 trolls
  3 tarantellas (Spider:1)
  3 polar bears
  11 blink frogs
  7 dream sheep (Lair:5)
  A slime creature (D:12)
  A centaur simulacrum (D:12)
  A jumping spider (Spider:1)
  6 yaks
  A culicivora (Spider:1)
  A wyvern (Lair:4)
  3 redbacks (Spider:1)
  2 basilisks (Lair:5)
  2 vampire mosquitoes (D:13)
  A warg (Orc:2)
  A meliai simulacrum (D:12)
  6 water moccasins
  A boggart (D:15)
  22 ogres
  2 wolves (Lair:5)
  2 centaurs (D:13)
  5 bullfrogs
  A hornet simulacrum (D:14)
  2 orc priests
  6 hell rats (Lair:5)
  3 orcs
  2 training dummies (Orc:1)
152 creatures vanquished.

Vanquished Creatures (others)
  2 orc sorcerers
  7 orc knights
  7 orc warriors
  4 orc priests
  13 orcs
  26 fungi
  25 plants
84 creatures vanquished.

Grand Total: 680 creatures vanquished

Notes
Turn   | Place    | Note
-------+----------+-------------------------------------------
     0 | D:1      | cheesebisquit the Hill Orc Fighter began the quest for the
                  | Orb.
     0 | D:1      | Reached XP level 1. HP: 19/19 MP: 1/1
    99 | D:1      | Reached XP level 2. HP: 25/27 MP: 2/2
   193 | D:1      | Reached XP level 3. HP: 33/33 MP: 3/3
   776 | D:2      | Found a faded altar of an unknown god.
  1638 | D:3      | Reached XP level 4. HP: 40/40 MP: 4/4
  1744 | D:3      | Noticed a necrophage
  1755 | D:3      | Killed a necrophage
  1756 | D:3      | Reached XP level 5. HP: 46/47 MP: 5/5
  2359 | D:3      | Found a stormy altar of Qazlal.
  2460 | D:3      | Noticed Terence
  2470 | D:3      | Killed Terence
  2471 | D:3      | Reached skill level 5 in Axes
  2870 | D:4      | Reached XP level 6. HP: 52/53 MP: 6/6
  2929 | D:4      | Reached skill level 5 in Fighting
  3040 | D:4      | Found a bloodstained altar of Trog.
  3288 | D:4      | Reached XP level 7. HP: 61/61 MP: 7/7
  3513 | D:5      | Entered Level 5 of the Dungeon
  3513 | D:5      | Found a staircase to the Ecumenical Temple.
  3574 | D:5      | Reached skill level 5 in Shields
  3585 | D:5      | Reached skill level 5 in Armour
  3749 | D:5      | Noticed Blork the orc
  3755 | D:5      | Killed Blork the orc
  4137 | D:6      | Reached XP level 8. HP: 40/70 MP: 8/8
  4517 | D:6      | Noticed Grinder
  4539 | D:6      | Killed Grinder
  4713 | D:6      | Identified the +4 leather armour "Loilo" {rElec Int+5
                  | Slay-6 Stlth+}
  4893 | D:7      | Reached XP level 9. HP: 67/79 MP: 9/9
  5001 | D:7      | Found a flagged portal.
  5014 | D:7      | Reached skill level 10 in Axes
  5024 | Bailey   | Entered a bailey
  5077 | Bailey   | Noticed an orc knight
  5180 | Bailey   | Noticed an orc knight
  5197 | Bailey   | Killed an orc knight
  5406 | Bailey   | Found the +8 orange crystal plate armour {Archmagi, Int+3
                  | Clar}
  5409 | Bailey   | Identified the +7 dagger of the Doomed Warrior {flame,
                  | Dex+2}
  5410 | Bailey   | Identified the -2 kite shield of Izeiwk {Contam Str+8
                  | Int+5}
  5579 | Bailey   | Killed an orc knight
  5819 | D:7      | Reached XP level 10. HP: 88/88 MP: 10/10
  5852 | D:7      | Identified the +5 rapier of a Billion Yaks {pain, rPois rF-
                  | rCorr Int+5}
  6473 | D:8      | Became a worshipper of Beogh the Brigand
  6827 | D:8      | Paralysed by a hornet for 1 turns
  7381 | D:9      | Noticed a two-headed ogre
  7387 | D:9      | Killed a two-headed ogre
  7415 | D:9      | You fall into a shaft and drop 3 floors!
  7443 | D:12     | Found a staircase to the Orcish Mines.
  7513 | D:11     | Noticed a red ugly thing
  7522 | D:11     | Killed a red ugly thing
  7589 | D:11     | Reached * piety under Beogh
  7590 | D:11     | Reached XP level 11. HP: 90/97 MP: 11/11
  7614 | D:10     | Entered Level 10 of the Dungeon
  7614 | D:10     | Noticed a two-headed ogre
  7615 | D:10     | Noticed a two-headed ogre
  7631 | D:10     | Killed a two-headed ogre
  7633 | D:10     | Killed a two-headed ogre
  7700 | D:9      | Reached skill level 10 in Fighting
  7712 | D:9      | Noticed a two-headed ogre
  7719 | D:9      | Killed a two-headed ogre
  8136 | D:9      | Reached ** piety under Beogh
  8357 | D:10     | Noticed a two-headed ogre
  8383 | D:9      | Killed a two-headed ogre
  8734 | D:10     | Noticed a two-headed ogre
  8738 | D:10     | Killed a two-headed ogre
  8739 | D:10     | Reached skill level 15 in Axes
  9167 | D:10     | Noticed a two-headed ogre
  9175 | D:10     | Killed a two-headed ogre
  9285 | D:11     | Noticed a cyclops
  9288 | D:11     | Noticed a two-headed ogre
  9292 | D:11     | Noticed a two-headed ogre
  9293 | D:11     | Killed a cyclops
  9294 | D:11     | Reached skill level 10 in Armour
  9294 | D:11     | Reached skill level 10 in Shields
  9294 | D:11     | Reached XP level 12. HP: 91/108 MP: 12/12
  9298 | D:11     | Killed a two-headed ogre
  9300 | D:11     | Killed a two-headed ogre
  9596 | D:11     | Noticed a two-headed ogre
  9603 | D:11     | Killed a two-headed ogre
  9954 | D:11     | Found a staircase to the Lair.
 10177 | D:11     | Noticed an ettin
 10179 | D:11     | Noticed a death knight
 10185 | D:11     | Killed a death knight
 10188 | D:11     | Killed an ettin
 10459 | D:12     | Reached *** piety under Beogh
 10510 | D:12     | Noticed Sonja
 10537 | D:12     | Killed Sonja
 10881 | D:12     | Found a runed translucent gate.
 10881 | D:12     | Found a runed translucent gate.
 10881 | D:12     | Found a runed translucent gate.
 10883 | D:12     | Noticed Dittersdorf's ghost (journeyman GrFi)
 10900 | D:12     | Noticed a boulder beetle
 10906 | D:12     | Killed a boulder beetle
 10907 | D:12     | Reached XP level 13. HP: 111/119 MP: 13/13
 11110 | Lair:1   | Entered Level 1 of the Lair of Beasts
 11224 | Lair:1   | Gained mutation: You do not regenerate when monsters are
                  | visible. [potion of mutation]
 11224 | Lair:1   | Gained mutation: You are weak. (Str -2) [potion of
                  | mutation]
 11224 | Lair:1   | Gained mutation: Your mind is acute. (Int +4, Str/Dex -1)
                  | [potion of mutation]
 11225 | Lair:1   | Lost mutation: Your mind is acute. (Int +4, Str/Dex -1)
                  | [potion of mutation]
 11225 | Lair:1   | Lost mutation: You are weak. (Str -2) [potion of mutation]
 11225 | Lair:1   | Gained mutation: You have a pair of small horns on your
                  | head. [potion of mutation]
 11225 | Lair:1   | Lost mutation: You do not regenerate when monsters are
                  | visible. [potion of mutation]
 11225 | Lair:1   | Gained mutation: You are strong-willed. (Will+) [potion of
                  | mutation]
 11225 | Lair:1   | Gained mutation: You have large cloven feet. [potion of
                  | mutation]
 11357 | Lair:1   | Found the +10 dark maul {heavy}
 11709 | Lair:2   | Reached skill level 1 in Maces & Flails
 11768 | Lair:2   | Reached skill level 2 in Maces & Flails
 11913 | Lair:2   | Reached skill level 3 in Maces & Flails
 11919 | Lair:2   | Reached skill level 4 in Maces & Flails
 11925 | Lair:2   | Reached **** piety under Beogh
 12063 | Lair:2   | Identified 2 scrolls of acquirement
 12063 | Lair:2   | Acquired the +6 tower shield "Pusegh" {rPois Int+6}
 12065 | Lair:2   | Acquired the ring "Joha" {Fly rC+ AC+4}
 12393 | Lair:2   | Reached skill level 5 in Maces & Flails
 12526 | Lair:3   | Reached skill level 6 in Maces & Flails
 12547 | Lair:3   | Found a gate leading to a gauntlet.
 12557 | Gauntlet | Entered a Gauntlet
 12557 | Gauntlet | Found a transporter.
 12568 | Gauntlet | Found a transporter.
 12569 | Gauntlet | Found a transporter.
 12577 | Gauntlet | Found a transporter.
 12581 | Gauntlet | Found a transporter.
 12589 | Gauntlet | Found a transporter.
 12593 | Gauntlet | Found a transporter.
 12605 | Gauntlet | Found a transporter.
 12606 | Gauntlet | Found a transporter.
 12607 | Gauntlet | Noticed a reaper
 12613 | Gauntlet | Found a transporter.
 12643 | Gauntlet | Found a transporter.
 12655 | Gauntlet | Found a transporter.
 12668 | Gauntlet | Found a transporter.
 12681 | Gauntlet | Found a transporter.
 12868 | Gauntlet | Identified the +0 helmet "Kearph" {Int+2}
 12887 | Gauntlet | Reached skill level 7 in Maces & Flails
 12911 | Gauntlet | Identified the ring of Polytheism {rF++ rC+}
 12925 | Gauntlet | Killed a reaper
 12926 | Gauntlet | Reached skill level 8 in Maces & Flails
 12950 | Gauntlet | Noticed a minotaur
 12955 | Gauntlet | Killed a minotaur
 13143 | Lair:3   | Noticed Fannar
 13147 | Lair:3   | Killed Fannar
 13182 | Lair:3   | Found a staircase to the Shoals.
 13185 | Lair:3   | Reached skill level 9 in Maces & Flails
 13696 | Lair:3   | Found a hole to the Spider Nest.
 14009 | Lair:4   | Reached skill level 10 in Maces & Flails
 14020 | Lair:3   | Gained Bogrim as an ally
 14026 | Lair:3   | Reached XP level 14. HP: 69/129 MP: 14/14
 14096 | Lair:4   | Reached skill level 11 in Maces & Flails
 14379 | Lair:4   | Reached ***** piety under Beogh
 14381 | Lair:4   | Reached skill level 12 in Maces & Flails
 14894 | Lair:4   | Found a viscous altar of Jiyva.
 14896 | Lair:4   | Found a staircase to the Slime Pits.
 15082 | Lair:5   | Entered Level 5 of the Lair of Beasts
 15156 | Lair:5   | Found a transporter.
 15157 | Lair:5   | Found a transporter.
 15157 | Lair:5   | Noticed ytrimaz's ghost (journeyman FoFi)
 15220 | Lair:5   | Reached skill level 13 in Maces & Flails
 15221 | Lair:5   | Gained Oreg as an ally
 15342 | Lair:5   | Identified the +3 trident of the Vaults {vamp, Dex+3}
 15570 | Lair:5   | Reached skill level 14 in Maces & Flails
 15594 | Lair:5   | Noticed a dire elephant
 15598 | Lair:5   | Killed a dire elephant
 15623 | Lair:5   | Identified the +3 scale mail of Heresy {Rampage Drain rElec
                  | Slay-4}
 15954 | D:12     | Killed Dittersdorf's ghost
 15959 | D:12     | Reached skill level 15 in Maces & Flails
 16032 | Orc:1    | Entered Level 1 of the Orcish Mines
 16096 | Orc:1    | Found Ziall's Firing Range.
 16269 | Orc:2    | Entered Level 2 of the Orcish Mines
 16754 | Orc:2    | Found a runed translucent gate.
 16754 | Orc:2    | Found a runed translucent gate.
 16754 | Orc:2    | Found a runed translucent gate.
 16758 | Orc:2    | Noticed lotum's ghost (journeyman TrGl)
 16806 | Orc:2    | Found a staircase to the Elven Halls.
 16931 | Orc:2    | Reached XP level 15. HP: 75/135 MP: 15/15
 16931 | Orc:2    | Reached ****** piety under Beogh
 16939 | Orc:2    | Reached skill level 16 in Maces & Flails
 17010 | Orc:2    | Found Qanobuod's Antique Armour Emporium.
 17010 | Orc:2    | Found Sueczin's Antique Weapon Boutique.
 17010 | Orc:2    | Found Gunwyr's Jewellery Boutique.
 17010 | Orc:2    | Found Plog's General Store.
 17365 | Orc:2    | Killed lotum's ghost
 18406 | D:13     | Gained Thorok as an ally
 18408 | D:13     | Reached skill level 17 in Maces & Flails
 18559 | D:13     | Noticed Lodul
 18564 | D:13     | Gained Grimold as an ally
 18567 | D:13     | Your ally Grimold died
 18571 | D:13     | Killed Lodul
 19917 | D:14     | Noticed Snorg
 19921 | D:14     | Killed Snorg
 19943 | D:14     | Reached skill level 18 in Maces & Flails
 19954 | D:14     | Found a gate to the Vaults.
 19990 | D:14     | Found a shimmering blue altar of Sif Muna.
 20092 | D:14     | Noticed Louise
 20100 | D:14     | Killed Louise
 20281 | D:14     | Identified the +6 war axe "Larr" {drain, Str+3 Int+3}
 20542 | D:15     | Entered Level 15 of the Dungeon
 20557 | D:15     | Identified the +1 quarterstaff "Xoago" {heavy, Dex+2
                  | Stlth+}
 20575 | D:15     | Gained Bogward as an ally
 20643 | D:15     | Identified the +0 leather armour "Eciomodi" {*Slow rPois
                  | Int+2 Dex+3}
 20663 | D:15     | Reached skill level 19 in Maces & Flails
 20684 | D:15     | Your ally Bogward died
 20788 | D:15     | Found a staircase to the Depths.
 20907 | D:15     | Reached XP level 16. HP: 133/143 MP: 16/16
 21249 | D:15     | Found the +3 salamander hide armour {Flames, rFlCloud rF++
                  | rC--}
 21579 | Spider:1 | Entered Level 1 of the Spider Nest
 21855 | Spider:1 | Found a roughly hewn altar of Beogh.
 22011 | Spider:1 | Your ally Thorok died
 22191 | Spider:1 | HP: 3/144 [redback simulacrum (23)]
 22197 | Spider:1 | Slain by a culicivora

Illustrated notes

Levels and vault maps discovered:
D:1:      dpeg_arrival_stonehenge_8_columns, layout_loops_ring,
          serial_park_tiny_1
D:2:      layout_loops_corners, basic_ecumenical_altar
D:3:      layout_basic, grunt_qazlal_clouds, minmay_diced_spiral, uniq_terence
D:4:      layout_basic, trog_hazing_becter
D:5:      layout_cave_pools, minmay_temple_entry_tees, reono_crystal_passage,
          nrook_campfire, minivault_23, uniq_blork_the_orc
D:6:      layout_loops_ring, mumra_transporter_accident, uniq_grinder
D:7:      layout_basic, enter_bailey_5
D:8:      layout_loops_corners
D:9:      layout_cave_pods
D:10:     layout_loops_corners, grunt_ministairs_14, st_stairs_11
D:11:     minmay_mutant_horseshoe, layout_cave_pods, lair_entry_dummy,
          kennysheep_generic_room_11
D:12:     layout_roguey, orc_0_dummy, gammafunk_ghost_necromancy, uniq_sonja
D:13:     layout_cave_pods, uniq_lodul
D:14:     layout_cave_pools, david_vaults_5, nicolae_sif_muna_condensation,
          uniq_louise, uniq_snorg
D:15:     hangedman_depths_entry_civil_slaughter, layout_rooms,
          serial_park_tiny_pond, minivault_19
Lair:1:   layout_hall_layers, pdpol_lair_neglected_garden
Lair:2:   layout_roguey, cheibrodos_lair_caveside_slide,
          infiniplex_staircase_pool
Lair:3:   layout_small_grid, nicolae_shoals_entry_roost,
          spider_nest_entry_funnel_web, gauntlet_entry_generic,
          grunt_megastairs_5, uniq_fannar
Lair:4:   layout_loops_ring, minmay_slime_entry_oklob_enclosed,
          grunt_megastairs_3
Lair:5:   grunt_lair_end_beastmaster, layout_misc_corridors,
          gammafunk_ghost_hive, serial_rivers, chequers_serial_rivers_micro_c,
          chequers_serial_rivers_small_a, chequers_serial_rivers_micro_c,
          chequers_serial_rivers_micro_e, chequers_serial_rivers_large_b
Spider:1: nicolae_spider_mines_2, hangedman_spider_tarantella_strand
Orc:1:    layout_caves, nicolae_shop_firing_range
Orc:2:    st_orc_ogre_mass, layout_caves, gammafunk_ghost_split

Skill      XL: |  1  2  3  4  5  6  7  8  9 10 11 12 13 14 15 |
---------------+----------------------------------------------+-----
Axes           | 3 4 5 6 7 9 11 13 15 16 | 16.0
Fighting       | 4 5 6 7 8 9 10 12 13 | 13.4
Armour         | 4 5 6 7 8 10 11 12 | 12.3
Shields        | 4 5 6 7 8 10 11 12 | 12.0
Maces & Flails | 10 15 19 | 19.8

Action                     |  1- 3 |  4- 6 |  7- 9 | 10-12 | 13-15 | 16-18 || total
---------------------------+-------+-------+-------+-------+-------+-------++-------
  Melee: War axe           |    95 |    92 |   129 |   258 |    14 |       ||   588
         Maul              |       |       |       |       |   293 |    41 ||   334
         Headbutt          |       |       |       |       |    36 |     5 ||    41
  Throw: Dart              |       |       |     4 |     8 |       |       ||    12
         Throwing net      |       |       |     2 |       |       |       ||     2
 Invoke: Convert to Beogh  |       |       |       |     1 |       |       ||     1
         Recall Orcish Fol |       |       |       |       |     7 |     1 ||     8
         Give Item to Name |       |       |       |       |     2 |       ||     2
         Resurrection      |       |       |       |       |       |     1 ||     1
    Use: Scroll            |       |       |     8 |     8 |    27 |     1 ||    44
         Potion            |       |       |     4 |    10 |     9 |     4 ||    27
   Stab: Distracted        |       |       |       |       |     3 |     1 ||     4
         Paralysed         |       |       |       |       |     1 |       ||     1
 Armour: Scale mail        |    55 |    44 |    39 |       |       |       ||   138
         Crystal plate arm |       |       |     4 |   279 |   860 |   139 ||  1282
  Dodge: Dodged            |    52 |    59 |    63 |    73 |   264 |    34 ||   545
  Block: Buckler           |    23 |    29 |    33 |       |       |       ||    85
         Kite shield       |       |       |     4 |   132 |    11 |       ||   147

Table legend: (Time is in decaauts)
 A = Elapsed time spent in this place.
 B = Non-inter-level travel time spent in this place.
 C = Inter-level travel time spent in this place.
 D = Time resting spent in this place.
 E = Time spent auto-exploring this place.
 F = Levels seen in this place.
 G = Mean time per level.
                   A        B        C        D        E       F      G
               +--------+--------+--------+--------+--------+-----+--------+
         Total |  22849 |  20929 |   1920 |   2398 |  14383 |  25 |  914.0 |
       Dungeon |  14014 |  12909 |   1105 |   1156 |   9354 |  15 |  934.3 |
          Lair |   4750 |   4240 |    510 |    361 |   3106 |   5 |  950.0 |
   Spider Nest |    654 |    646 |      8 |    100 |    403 |   1 |  654.0 |
  Orcish Mines |   2189 |   1893 |    296 |    655 |    938 |   2 | 1094.5 |
        Bailey |    685 |    685 |      0 |    123 |    305 |   1 |  685.0 |
      Gauntlet |    554 |    554 |      0 |      3 |    277 |   1 |  554.0 |
               +--------+--------+--------+--------+--------+-----+--------+

Top non-repeatable levels by time:
   Orc:2: 1518 daAuts
    D:11: 1279 daAuts
    D:12: 1266 daAuts
  Lair:3: 1222 daAuts
  Lair:4: 1124 daAuts
    D:10: 1064 daAuts
     D:3: 1030 daAuts
    D:14: 982 daAuts
    D:13: 981 daAuts
     D:4: 962 daAuts
  Lair:2: 948 daAuts
     D:7: 948 daAuts
     D:2: 944 daAuts
     D:8: 901 daAuts
     D:9: 877 daAuts
